 Dungeon Crawl Stone Soup version 0.28-a0-1435-g82390b3a13 (webtiles) character file.

Game seed: 16587488646267116899

60 rogsnak the Gusty (level 3, 0/24 HPs)
             Began as a Demonspawn Air Elementalist on Jan 10, 2022.
             Slain by a white imp (2 damage)
             ... summoned by Natasha
             ... on level 2 of the Dungeon.
             The game lasted 00:04:22 (1493 turns).

rogsnak the Gusty (Demonspawn Air Elementalist)     Turns: 1493, Time: 00:04:22

Health: 0/24       AC:  3    Str:  8    XL:     3   Next: 82%
Magic:  0/7        EV: 14    Int: 18    God:
Gold:   72         SH:  4    Dex: 13    Spells: 6/7 levels left

rFire   . . .      SeeInvis .   i - +0 short sword (flame)
rCold   . . .      Faith    .   (no shield)
rNeg    . . .      Spirit   .   a - +0 robe
rPois   .          Reflect  .   (no helmet)
rElec   .          Harm     .   (no cloak)
rCorr   .          Rampage  .   (no gloves)
Will    .....                   l - +0 pair of boots
Stlth   ++........              (no amulet)
HPRegen 0.08/turn               (no ring)
MPRegen 0.10/turn               (no ring)

@: no status effects
A: repulsion field 1, condensation shield
a: no special abilities


You were on level 2 of the Dungeon.
You visited 1 branch of the dungeon, and saw 2 of its levels.

You collected 72 gold pieces.

Inventory:

Hand Weapons
 d - a +0 spear
 i - a +0 short sword of flaming (weapon)
Armour
 a - a +0 robe (worn)
 g - an orb of wrath
 l - a +0 pair of boots (worn)
Scrolls
 c - a scroll of teleportation {unknown}
 f - a scroll of enchant armour {unknown}
 h - a scroll of fog {unknown}
 j - a scroll of fear {unknown}
 k - a scroll of noise {unknown}
Potions
 b - a potion of berserk rage {unknown}
 e - a potion of curing {unknown}


   Skills:
 + Level 1.9 Dodging
 - Level 1.7 Stealth
 + Level 2.7 Spellcasting
 * Level 2.3 Conjurations
 + Level 3.1 Air Magic


You had 6 spell levels left.
You knew the following spells:

 Your Spells              Type           Power      Damage    Failure   Level
a - Shock                 Conj/Air       48%        1d6       5%          1

Your spell library contained the following spells:

 Spells                   Type           Power      Damage    Failure   Level
 Static Discharge         Conj/Air       12%        N/A       9%          2
 Swiftness                Air            13%        N/A       14%         3
 Airstrike                Air            6%         N/A       41%         4
 Call Canine Familiar     Summ           2%         N/A       45%         3
 Portal Projectile        Hex/Tloc       4%         N/A       45%         3
 Leda's Liquefaction      Hex/Erth       1%         N/A       86%         4


Dungeon Overview and Level Annotations

Branches:
Dungeon (2/15)

Altars:

Shops:
D:2 [

Annotations:
D:2 Natasha


Innate Abilities, Weirdness & Mutations

You are surrounded by a mild repulsion field. (EV +2)
A meltable shield of frost defends you. (SH +4)


Message History

You feel disoriented. Natasha casts a spell at you. The magic dart hits you!
Natasha stares at you and mumbles some strange words.
The magic dart hits you. Natasha casts a spell at you. The magic dart hits you.
* * * LOW HITPOINT WARNING * * *
You see here an adder skeleton.
Casting: Shock (safe; 5% risk of failure)
Confirm with . or Enter, or press ? or * to list all spells.
Aiming: Shock (safe; 5% risk of failure)
Press: ? - help, Shift-Dir - straight line
Okay, then.
Natasha casts a spell at you. The magic dart hits you.
* * * LOW HITPOINT WARNING * * *
Unknown command.
Unknown command.
Unknown command.
Casting: Shock (safe; 5% risk of failure)
Confirm with . or Enter, or press ? or * to list all spells.
Aiming: Shock (safe; 5% risk of failure)
Press: ? - help, Shift-Dir - straight line The zap hits Natasha.
Natasha is lightly wounded.
Natasha casts a spell.
Unknown command.
Unknown command.
Casting: Shock (safe; 5% risk of failure)
Confirm with . or Enter, or press ? or * to list all spells.
Aiming: Shock (safe; 5% risk of failure)
Press: ? - help, Shift-Dir - straight line The zap hits the white imp.
The white imp is moderately wounded.
The zap hits Natasha.
Natasha is lightly wounded.
The white imp laughs crazily.
The white imp hits you.
You die...

#.......h.# #.#
#.........# #.#
#.........# #.#
######.#### #.# #.# #.#
#÷## #.# #..### #.#
##h5.####.# ##@...##.#
#.......# #...##..#
....# #####...##..#
....## #.............##
...†..
#######...#....##....#.
#...#.....#..)..#
#...##....#.....##
########...## .


You could see Natasha and a white imp (summoned).

Vanquished Creatures
  2 adders (D:2)
  2 dart slugs
  5 ball pythons
  A bat (D:2)
  2 endoplasms
  3 giant cockroaches (D:1)
  2 goblins
  5 hobgoblins (D:1)
  2 quokkas
  3 frilled lizards
  3 kobolds
  8 rats (D:1)
38 creatures vanquished.

Notes
Turn   | Place    | Note
-------+----------+-------------------------------------------
     0 | D:1      | rogsnak the Demonspawn Air Elementalist began the quest for
                  | the Orb.
     0 | D:1      | Reached XP level 1. HP: 13/13 MP: 3/3
   441 | D:1      | Gained mutation: A meltable shield of frost defends you.
                  | (SH +4) [demonic ancestry]
   441 | D:1      | Reached XP level 2. HP: 17/19 MP: 0/5
   575 | D:1      | Reached skill level 3 in Air Magic
   978 | D:1      | Gained mutation: You are surrounded by a mild repulsion
                  | field. (EV +2) [demonic ancestry]
   978 | D:1      | Reached XP level 3. HP: 24/24 MP: 2/6
  1122 | D:2      | Found Uzuwn's Antique Armour Emporium.
  1462 | D:2      | Noticed Natasha
  1493 | D:2      | Slain by a white imp

Illustrated notes

Levels and vault maps discovered:
D:1:      dpeg_arrival_ratfight, layout_basic
D:2:      layout_rooms, serial_shops, shop, uniq_natasha

Skill      XL: |  1  2  3 |
---------------+----------+-----
Air Magic      | 3 |  3.1
Conjurations   | 2 |  2.3
Dodging        | |  1.9
Stealth        | |  1.7
Spellcasting   | |  2.7

Action                   || total
-------------------------++-------
Melee: Unarmed           ||    34
       Spear             ||    10
       Short sword       ||     4
 Cast: Shock             ||    68
 Stab: Sleeping          ||     1
Armor: Robe              ||     9
Dodge: Dodged            ||    31
Block: Other             ||     3

Table legend: (Time is in decaauts)
 A = Elapsed time spent in this place.
 B = Non-inter-level travel time spent in this place.
 C = Inter-level travel time spent in this place.
 D = Time resting spent in this place.
 E = Time spent auto-exploring this place.
 F = Levels seen in this place.
 G = Mean time per level.
                   A        B        C        D        E       F      G
               +--------+--------+--------+--------+--------+-----+--------+
         Total |   1493 |   1461 |     32 |    682 |    399 |   2 |  746.5 |
       Dungeon |   1493 |   1461 |     32 |    682 |    399 |   2 |  746.5 |
               +--------+--------+--------+--------+--------+-----+--------+

Top non-repeatable levels by time:
     D:1: 1067 daAuts
     D:2: 425 daAuts
